 Dungeon Crawl Stone Soup version 0.27-a0-931-g5a74e75d8f (webtiles) character file.

Game seed: 2926735714666133403

3 Alarkh the Insei (level 1, -1/16 HPs)
             Began as a Demonspawn Gladiator on Apr 10, 2021.
             Slain by a jackal (3 damage)
             ... on level 1 of the Dungeon.
             The game lasted 00:00:07 (63 turns).

Alarkh the Insei (Demonspawn Gladiator)               Turns: 63, Time: 00:00:09

Health: -1/16      AC:  4    Str: 14    XL:     1   Next: 41%
Magic:  1/1        EV: 12    Int:  9    God:
Gold:   14         SH:  0    Dex: 14    Spells: 0/0 levels left

rFire    . . .     SeeInvis .     - Unarmed
rCold    . . .     Faith    .   (no shield)
rNeg     . . .     Spirit   .   a - +0 leather armour
rPois    .         Reflect  .   b - +0 helmet
rElec    .         Harm     .   (no cloak)
rCorr    .         Rampage  .   (no gloves)
Will     .....                  (no boots)
Stlth    +.........             (no amulet)
HPRegen  0.05/turn              (no ring)
MPRegen  0.07/turn              (no ring)

@: no status effects
A: no striking features
a: no special abilities


You were on level 1 of the Dungeon.
You visited 1 branch of the dungeon, and saw 1 of its levels.

You collected 14 gold pieces.

Inventory:

Missiles
 c - 3 throwing nets (quivered)
Armour
 a - a +0 leather armour (worn)
 b - a +0 helmet (worn)


   Skills:
 + Level 2.1 Fighting
 - Level 1.7 Throwing
 - Level 2.6 Dodging
 * Level 2.8 Unarmed Combat


You couldn't memorise any spells.
You didn't know any spells.
Your spell library was empty.

Dungeon Overview and Level Annotations

Branches:
Dungeon (1/15)

Altars:


Message History

You are too injured to fight recklessly!
The jackal bites you but does no damage.
The jackal misses you.
You aren't carrying any potions.
You hit the jackal.
The jackal is moderately wounded.
The jackal closely misses you.
You closely miss the jackal.
The jackal is moderately wounded.
The jackal barely misses you. The jackal misses you.
You closely miss the jackal.
The jackal is moderately wounded.
The jackal barely misses you.
You hit the jackal.
The jackal is almost dead.
The jackal bites you but does no damage.
You barely miss the jackal.
The jackal is almost dead.
The jackal misses you. The jackal closely misses you.
You closely miss the jackal.
The jackal is almost dead.
The jackal bites you but does no damage.
You barely miss the jackal.
The jackal is almost dead.
The jackal bites you.
* * * LOW HITPOINT WARNING * * *
You hit the jackal but do no damage.
The jackal is almost dead.
The jackal bites you but does no damage.
The jackal closely misses you.
You closely miss the jackal.
The jackal is almost dead.
The jackal bites you but does no damage.
You closely miss the jackal.
The jackal is almost dead.
The jackal bites you but does no damage.
You miss the jackal.
The jackal is almost dead.
The jackal bites you.
You die...

.. #####.####
...#######........
#...............#####+######
#........................
#..r.........#.......####
#.......r....##..8..##
#######rKg...###...##
##h###.# ##.## #@# #.# ###
#.# #.# #.# #.# ..# #.# ###
#.# #†# #.# ... #.#


You could see a quokka, a jackal, a hobgoblin, a kobold and a rat.

Vanquished Creatures
  A jackal (D:1)
  2 ball pythons (D:1)
3 creatures vanquished.

Notes
Turn   | Place    | Note
-------+----------+-------------------------------------------
     0 | D:1      | Alarkh the Demonspawn Gladiator began the quest for the
                  | Orb.
     0 | D:1      | Reached XP level 1. HP: 16/16 MP: 1/1
    63 | D:1      | Slain by a jackal

Illustrated notes

Levels and vault maps discovered:
D:1:      amcnicky_arrival_feature_with_door, layout_basic,
          hellmonk_ecumenical_altar_dog_temple, st_stairs_2

Action                   || total
-------------------------++-------
Melee: Unarmed           ||    22
Armor: Leather armour    ||     9
Dodge: Dodged            ||    17

Table legend: (Time is in decaauts)
 A = Elapsed time spent in this place.
 B = Non-inter-level travel time spent in this place.
 C = Inter-level travel time spent in this place.
 D = Time resting spent in this place.
 E = Time spent auto-exploring this place.
 F = Levels seen in this place.
 G = Mean time per level.
                   A        B        C        D        E       F      G
               +--------+--------+--------+--------+--------+-----+--------+
         Total |     62 |     62 |      0 |      0 |     27 |   1 |   62.0 |
       Dungeon |     62 |     62 |      0 |      0 |     27 |   1 |   62.0 |
               +--------+--------+--------+--------+--------+-----+--------+

Top non-repeatable levels by time:
     D:1: 62 daAuts
